 Dungeon Crawl Stone Soup version 0.15.2 (webtiles) character file.

863 Heini the Covered (level 7, -9/64 HPs)
             Began as a Minotaur Fighter on Mar 14, 2015.
             Mangled by an orc warrior
             ... wielding a +0 glaive
              (14 damage)
             ... on Level 6 of the Dungeon.
             The game lasted 00:07:08 (2745 turns).

Heini the Covered (Minotaur Fighter)                Turns: 2745, Time: 00:07:09

HP  -9/64        AC 16     Str 23      XL: 7   Next: 72%
MP   3/3         EV  4     Int  5      God:
Gold 92          SH  9     Dex  9      Spells:  0 memorised,  6 levels left

rFire  . . .     SeeInvis .     a - +0 flail
rCold  . . .     Clarity  .     l - +0 plate armour
rNeg   . . .     rCorr    .     c - +0 shield
rPois  .         rRot     .     (helmet restricted)
rElec  .         Spirit   .     (no cloak)
SustAb .         Warding  .     k - +0 pair of gloves
rMut   .         Stasis   .     n - +0 pair of boots (curse)
Gourm  .                        (no amulet)
MR     .....                    (no ring)
                                (no ring)

@: flying, not resistant to hostile enchantments, extremely unstealthy
A: retaliatory headbutt, horns 2
a: no special abilities


You were on level 6 of the Dungeon.
You were very hungry.

You visited 1 branch of the dungeon, and saw 5 of its levels.

You collected 92 gold pieces.

Inventory:

Hand weapons
 a - a +0 flail (weapon)
Armour
 b - a +0 scale mail
 c - a +0 shield (worn)
 k - a +0 pair of gloves (worn)
 l - a +0 plate armour (worn)
 n - a cursed +0 pair of boots (worn)
Comestibles
 d - 3 bread rations
 g - a meat ration
 j - 2 beef jerkies
Scrolls
 f - 4 scrolls of remove curse
Potions
 e - a potion of poison {unknown}
 h - 2 potions of curing
 m - a potion of confusion {unknown}
 o - a potion of lignification {unknown}
 r - a potion of restore abilities {unknown}


   Skills:
 * Level 6.5 Fighting
 * Level 6.5 Maces & Flails
 * Level 7.5 Armour
 - Level 3.6 Shields


You had 6 spell levels left.
You didn't know any spells.

Dungeon Overview and Level Annotations

Branches:
Dungeon (6/15)
 Temple: D:4-7

Altars:
Dithmenos
Qazlal


Innate Abilities, Weirdness & Mutations

You reflexively headbutt those who attack you in melee.
You have a pair of horns on your head.


Message History

You block the orc warrior's attack.
You closely miss the orc. The orc hits you but does no damage.
You completely miss the orc. The orc hits you but does no damage.
The orc warrior hits you from afar with a glaive!
You hit the orc but do no damage. You block the orc's attack.
You block the orc warrior's attack. The orc hits you but does no damage.
You sock the orc!
You kill the orc!
You block the orc warrior's attack.
The orc warrior hits you with a glaive!!
* * * LOW HITPOINT WARNING * * *
Things that are here:
a dagger; a shiny ring mail; an orc corpse Drink which item? (? for menu, Esc to quit)
You feel very buoyant.
You fly up into the air.
It was a potion of flight.
You hit the orc warrior.
The orc warrior is lightly wounded.
The orc warrior hits you with a glaive!
You die...

.....###......_..........#..###..
........§...≈≈.^.^.......#..###..
.........≈^#≈..^^≈...............
..........#^...≈§#≈^........#....
.........^##^.....#.............#
####......^≈≈^...≈.............##
####.....##............###......#
#..............o..####..##.###...
#.##..#####....#@#.# #o.##.......
# #..#####....#.#.# #.......#...
#..........o###.###..##...#...
#.######......o...............
#.#.........###...............
#.#.####..#####.####..........
#..#.........#.#...#...
.#.####..#.###.###.#.#.......
............[..# #.#.....####


You could see an orc warrior.

Vanquished Creatures
  A phantom (D:6)
  2 ice beasts (D:6)
  2 ogres
  Sigmund (D:2)
  3 orc priests (D:3)
  A worker ant (D:6)
  3 adders
  8 gnolls
  A shadow imp (D:6)
  3 worms
  An ooze (D:2)
  9 orcs
  5 bats
  8 giant cockroaches
  7 hobgoblins
  8 kobolds
  A quokka (D:2)
  A ball python (D:1)
  A giant gecko (D:1)
  3 giant newts
  7 goblins
  A hobgoblin zombie (D:6)
  5 jackals (D:2)
  15 rats
97 creatures vanquished.

Notes
Turn   | Place    | Note
--------------------------------------------------------------
     0 | D:1      | Heini, the Minotaur Fighter, began the quest for the Orb.
     0 | D:1      | Reached XP level 1. HP: 19/19 MP: 1/1
    86 | D:1      | Reached skill level 4 in Armour
   102 | D:1      | Reached XP level 2. HP: 20/27 MP: 1/1
   548 | D:1      | Reached XP level 3. HP: 31/33 MP: 2/2
   674 | D:2      | Noticed Sigmund
   937 | D:2      | Reached XP level 4. HP: 33/41 MP: 2/2
   992 | D:2      | Reached skill level 5 in Armour
  1311 | D:2      | Killed Sigmund
  1311 | D:2      | Reached skill level 5 in Fighting
  1311 | D:2      | Reached XP level 5. HP: 40/48 MP: 2/2
  1425 | D:3      | Reached XP level 6. HP: 17/56 MP: 3/3
  1430 | D:3      | Reached skill level 6 in Armour
  1740 | D:3      | Noticed an ogre
  1746 | D:3      | Killed an ogre
  1792 | D:3      | Reached skill level 5 in Maces & Flails
  2061 | D:4      | You fall through a shaft for 2 floors!
  2064 | D:6      | Found a shadowy altar of Dithmenos.
  2076 | D:6      | Reached XP level 7. HP: 32/62 MP: 3/3
  2297 | D:6      | Found a stormy altar of Qazlal.
  2339 | D:6      | Reached skill level 7 in Armour
  2583 | D:6      | HP: 1/64 [orc warrior/glaive (14)]
  2745 | D:6      | Mangled by an orc warrior

Action                   |  1- 3 |  4- 6 |  7- 9 || total
-------------------------+-------+-------+-------++-------
Melee: Flail             |    90 |   168 |    51 ||   309
  Use: Scroll            |     2 |     1 |       ||     3
       Potion            |       |     1 |     1 ||     2
  Eat: Chunk             |       |     4 |     1 ||     5
